Description

A build I came up with, it's a widow mine drop in natural and/or main, with 12 Marine 1 Siege tank at the natural at 5:00, you can macro behind or make it all in. this is a ladder match showing the basis of the build, it can win you the game but don't always plan on it. it is not a bronze game, my MMR is 2719.

Replay - TvP 5min (W) ladder

Build Order

Get SALT Encoding   

  12  0:00  SCV  
  13  0:12  SCV  
  14  0:17  Supply Depot  
  14  0:24  SCV  
  15  0:39  SCV  
  15  0:40  Barracks  
  16  0:46  Refinery  
  16  0:51  SCV  
  17  1:03  SCV  
  18  1:15  SCV  
  19  1:27  Orbital Command  
  19  1:28  Marine  
  20  1:45  Command Center  
  20  1:56  Supply Depot  
  20  2:04  Factory  
  20  2:06  SCV  
  21  2:13  Refinery  
  21  2:18  SCV, Barracks Reactor  
  22  2:30  SCV  
  24  2:48  Widow Mine  
  24  2:50  Starport  
  26  2:54  Marine x2  
  28  2:59  Supply Depot  
  29  3:06  Orbital Command  
  30  3:12  Factory Tech Lab  
  30  3:17  Marine x2  
  33  3:32  Medivac  
  37  3:34  Widow Mine  
  37  3:35  Marine x2  
  41  3:44  Supply Depot  
  41  3:52  Marine x2  
  41  3:55  Siege Tank  
  48  4:11  Starport Reactor  
  48  4:15  Viking  
  50  4:21  Marine  
  54  4:31  Barracks x2  
  56  4:41  Siege Tank  
  61  4:51  Supply Depot  
  61  4:57  Engineering Bay  
  62  5:12  Viking  
  64  5:31  Siege Tank  
Spawning Tool Build Advisor. Get it on Overwolf

Analysis

ladder match from my build on the 5:00 timing widow mine tank push

Go to:

Details

  • Created by: TheMarine
  • Published on: Sep 16, 2022
  • Modified on: Sep 16, 2022
  • Patch: 4.11.0
  • Difficulty: Hard
Show
View Real Time Build Order
Export as new Build Order

Comments (0)

There are no comments. Be the first!

Create an account to comment!